BSA
BIRMINGHAM STEELDOGS @ MAUI TROPICS
05/18/2024
 
TOP OF THE 1ST
Birmingham Steeldogs batting - Pitching for Maui Tropics : RHP Norman White
Pitching: RHP Norman White
Batting: LHB José Sánchez 0-0: Called Strike
0-1: Ball
1-1: Foul Ball, location: 2F
1-2: Ball
2-2: Ball
3-2: Foul Ball, location: 2F
3-2: SINGLE (Groundball, 34D)
Batting: LHB Mitchell Oglethorpe 0-0: Foul Ball, location: 2F
0-1: Ground out 3-1 (Groundball, 34)
José Sánchez to second
Batting: LHB Chris Miller 0-0: Foul Ball, location: 2F
0-1: Ball
1-1: Ground out 5-3 (Groundball, 5S)
José Sánchez to third
Batting: LHB Arturo Molina 0-0: Ball
1-0: Called Strike
1-1: Swinging Strike
1-2: Ball
2-2: Ball
3-2: Base on Balls
Batting: RHB Eric Johnson 0-0: Ball
1-0: Fly out, F8 (Flyball, 8LM)
Top of the 1st over - 0 run(s), 1 hit(s), 0 error(s), 2 left on base; Birmingham 0 - Maui 0
BOTTOM OF THE 1ST
Maui Tropics batting - Pitching for Birmingham Steeldogs : RHP Pete Cook
Pitching: RHP Pete Cook
Batting: RHB Jung-ha Kim 0-0: Ground out 5-3 (Groundball, 5S)
Batting: LHB Juan Jose Rojas 0-0: Ball
1-0: Called Strike
1-1: Called Strike
1-2: Strikes out swinging
Batting: RHB Jesús Espinoza 0-0: Called Strike
0-1: Ball
1-1: Foul Ball, location: 2F
1-2: Strikes out looking
Bottom of the 1st over - 0 run(s), 0 hit(s), 0 error(s), 0 left on base; Birmingham 0 - Maui 0
TOP OF THE 2ND
Birmingham Steeldogs batting - Pitching for Maui Tropics : RHP Norman White
Batting: SHB Jesús Ramírez 0-0: Ball
1-0: Swinging Strike
1-1: SINGLE (Line Drive, 4MD)
Batting: RHB Valentín Borges 0-0: Foul Ball, location: 2F
0-1: Ball
1-1: Foul Ball, location: 2F
1-2: Foul Ball, location: 2F
1-2: Foul Ball, location: 2F
1-2: Ground out 4-3 (Groundball, 4M)
Jesús Ramírez to second
Batting: RHB Raúl Soto 0-0: SINGLE (Line Drive, 6MD)
Jesús Ramírez to third
Batting: SHB John Miller 0-0: Swinging Strike
0-1: Fly out, F7 (Flyball, 7LM)
Runner from 3rd tags up, SCORES, throw made
Batting: LHB José Sánchez 0-0: Foul Ball, location: 2F
0-1: Foul Ball, location: 2F
0-2: DOUBLE (Groundball, 3L)
Raúl Soto to third
Runner from 3rd tries for Home, SAFE, no throw or cutoff
Batting: LHB Mitchell Oglethorpe 0-0: Foul Ball, location: 2F
0-1: Ball
1-1: Ball
2-1: Called Strike
2-2: Ground out 4-3 (Groundball, 4M)
Top of the 2nd over - 2 run(s), 3 hit(s), 0 error(s), 1 left on base; Birmingham 2 - Maui 0
BOTTOM OF THE 2ND
Maui Tropics batting - Pitching for Birmingham Steeldogs : RHP Pete Cook
Batting: LHB Luis Antonio Torres 0-0: Swinging Strike
0-1: Swinging Strike
0-2: Ball
1-2: Strikes out swinging
Batting: LHB Henry Huffman 0-0: Called Strike
0-1: Ball
1-1: Foul Ball, location: 2F
1-2: Foul Ball, location: 2F
1-2: Ball
2-2: Ball
3-2: Base on Balls
Batting: RHB Damian Yates 0-0: Ball
1-0: Ball
2-0: Ball
3-0: Called Strike
3-1: Base on Balls
Henry Huffman to second
Batting: RHB Armando Martínez 0-0: Called Strike
0-1: Foul Ball, location: 2F
0-2: Ball
1-2: Ball
2-2: Ball
3-2: Fly out, F4 (Popup, 8RS)
Batting: LHB Javier Espinoza 0-0: Called Strike
0-1: Fly out, F9 (Line Drive, 9M)
Bottom of the 2nd over - 0 run(s), 0 hit(s), 0 error(s), 2 left on base; Birmingham 2 - Maui 0
TOP OF THE 3RD
Birmingham Steeldogs batting - Pitching for Maui Tropics : RHP Norman White
Batting: LHB Chris Miller 0-0: Ball
1-0: Ball
2-0: Ball
3-0: Base on Balls
Batting: LHB Arturo Molina 0-0: Called Strike
0-1: Called Strike
0-2: Ball
1-2: Ball
2-2: Ball
3-2: Base on Balls
Chris Miller to second
Batting: RHB Eric Johnson 0-0: Called Strike
0-1: Ball
1-1: Swinging Strike
1-2: Strikes out swinging
Batting: SHB Jesús Ramírez 0-0: Ball
1-0: Swinging Strike
1-1: Foul Ball, location: 2F
1-2: Ball
2-2: Ball
3-2: Foul Ball, location: 2F
3-2: Foul Ball, location: 2F
3-2: Foul Ball, location: 2F
3-2: Strikes out swinging
Batting: RHB Valentín Borges 0-0: Ball
1-0: Swinging Strike
1-1: Called Strike
1-2: Fly out, F7 (Line Drive, 7M)
Top of the 3rd over - 0 run(s), 0 hit(s), 0 error(s), 2 left on base; Birmingham 2 - Maui 0
BOTTOM OF THE 3RD
Maui Tropics batting - Pitching for Birmingham Steeldogs : RHP Pete Cook
Batting: RHB Pat Haynes 0-0: TRIPLE (Line Drive, 3L)
Batting: RHB Jung-ha Kim 0-0: Swinging Strike
0-1: Foul Ball, location: 2F
0-2: Ball
1-2: Strikes out looking
Batting: LHB Juan Jose Rojas 0-0: Called Strike
0-1: Foul Ball, location: 2F
0-2: Ball
1-2: Foul Ball, location: 2F
1-2: Strikes out looking
Batting: RHB Jesús Espinoza 0-0: Called Strike
0-1: Called Strike
0-2: Fly out, F4 (Popup, 34)
Bottom of the 3rd over - 0 run(s), 1 hit(s), 0 error(s), 1 left on base; Birmingham 2 - Maui 0
TOP OF THE 4TH
Birmingham Steeldogs batting - Pitching for Maui Tropics : RHP Norman White
Batting: RHB Raúl Soto 0-0: Ball
1-0: Called Strike
1-1: Swinging Strike
1-2: Strikes out swinging
Batting: SHB John Miller 0-0: Foul Ball, location: 2F
0-1: Ball
1-1: DOUBLE (Line Drive, 5D)
Batting: LHB José Sánchez 0-0: Called Strike
0-1: Ball
1-1: Ball
2-1: Fly out, F8 (Flyball, 8RD)
Batting: LHB Mitchell Oglethorpe 0-0: Ball
1-0: Ball
2-0: Foul Ball, location: 2F
2-1: Ball
3-1: Foul Ball, location: 2F
3-2: Fly out, F9 (Flyball, 9M)
Top of the 4th over - 0 run(s), 1 hit(s), 0 error(s), 1 left on base; Birmingham 2 - Maui 0
BOTTOM OF THE 4TH
Maui Tropics batting - Pitching for Birmingham Steeldogs : RHP Pete Cook
Batting: LHB Luis Antonio Torres 0-0: Ball
1-0: Called Strike
1-1: Fly out, F7 (Line Drive, 7M)
Batting: LHB Henry Huffman 0-0: Called Strike
0-1: Ball
1-1: Called Strike
1-2: Strikes out swinging
Batting: RHB Damian Yates 0-0: Ball
1-0: SINGLE (Line Drive, 89S)
Batting: RHB Armando Martínez 0-0: Ball
1-0: Called Strike
1-1: Ball
2-1: Foul Ball, location: 2F
2-2: Ball
3-2: Base on Balls
Damian Yates to second
Batting: LHB Javier Espinoza 0-0: Called Strike
0-1: Ball
1-1: Ball
2-1: Reached on error, E3 (Groundball, 3L)
Damian Yates to third
Armando Martínez to second
Batting: RHB Pat Haynes 0-0: DOUBLE (Line Drive, 7M)
Damian Yates scores
Armando Martínez scores
Javier Espinoza to third
Runner from 3rd tries for Home, SAFE, no throw or cutoff
Batting: RHB Jung-ha Kim 0-0: Ball
1-0: Swinging Strike
1-1: Foul Ball, location: 2F
1-2: Strikes out swinging
Bottom of the 4th over - 3 run(s), 2 hit(s), 1 error(s), 1 left on base; Birmingham 2 - Maui 3
TOP OF THE 5TH
Birmingham Steeldogs batting - Pitching for Maui Tropics : RHP Norman White
Pitching: RHP Dave Riley
Batting: LHB Chris Miller 0-0: Swinging Strike
0-1: Swinging Strike
0-2: Ball
1-2: Ball
2-2: Foul Ball, location: 2F
2-2: Ball
3-2: Foul Ball, location: 2F
3-2: Base on Balls
Batting: LHB Arturo Molina 0-0: Foul Ball, location: 2F
0-1: Ball
1-1: Foul Ball, location: 2F
1-2: Ball
2-2: Foul Ball, location: 2F
2-2: Grounds into double play, U6-3 (Groundball, 6)
Batting: RHB Eric Johnson 0-0: Called Strike
0-1: Fly out, F8 (Flyball, 8RM)
Top of the 5th over - 0 run(s), 0 hit(s), 0 error(s), 0 left on base; Birmingham 2 - Maui 3
BOTTOM OF THE 5TH
Maui Tropics batting - Pitching for Birmingham Steeldogs : RHP Pete Cook
Batting: LHB Juan Jose Rojas 0-0: Called Strike
0-1: Fly out, F2 (Popup, 2LF)
Batting: RHB Jesús Espinoza 0-0: Ball
1-0: Reached on error, E2 (Groundball, 23)
Batting: LHB Luis Antonio Torres 0-0: Intentional Walk
Batting: LHB Henry Huffman 0-0: Called Strike
0-1: Swinging Strike
0-2: Ball
1-2: Strikes out swinging
Batting: RHB Damian Yates 0-0: Ball
1-0: Called Strike
1-1: Called Strike
1-2: Strikes out looking
Bottom of the 5th over - 0 run(s), 0 hit(s), 1 error(s), 2 left on base; Birmingham 2 - Maui 3
TOP OF THE 6TH
Birmingham Steeldogs batting - Pitching for Maui Tropics : RHP Dave Riley
Batting: SHB Jesús Ramírez 0-0: Ball
1-0: Ball
2-0: Called Strike
2-1: Fly out, F7 (Popup, 7S)
Batting: RHB Valentín Borges 0-0: Ground out 4-3 (Groundball, 4M)
Batting: RHB Raúl Soto 0-0: Ball
1-0: Fly out, F8 (Popup, 8LS)
Top of the 6th over - 0 run(s), 0 hit(s), 0 error(s), 0 left on base; Birmingham 2 - Maui 3
BOTTOM OF THE 6TH
Maui Tropics batting - Pitching for Birmingham Steeldogs : RHP Pete Cook
Batting: RHB Armando Martínez 0-0: Ball
1-0: Foul Ball, location: 2F
1-1: Swinging Strike
1-2: Strikes out swinging
Batting: LHB Javier Espinoza 0-0: Ball
1-0: Called Strike
1-1: Called Strike
1-2: Strikes out swinging
Batting: RHB Pat Haynes 0-0: Fly out, F9 (Flyball, 89M)
Bottom of the 6th over - 0 run(s), 0 hit(s), 0 error(s), 0 left on base; Birmingham 2 - Maui 3
TOP OF THE 7TH
Birmingham Steeldogs batting - Pitching for Maui Tropics : RHP Dave Riley
Pitching: RHP Tony Guerrero
Batting: SHB John Miller 0-0: Ball
1-0: Ball
2-0: Ball
3-0: Called Strike
3-1: Called Strike
3-2: Foul Ball, location: 2F
3-2: Foul Ball, location: 2F
3-2: Base on Balls
Batting: LHB José Sánchez 0-0: Called Strike
0-1: Ball
1-1: Foul Ball, location: 2F
1-2: Fly out, F9 (Line Drive, 89M)
Batting: LHB Mitchell Oglethorpe 0-0: Swinging Strike
0-1: Foul Ball, location: 2F
0-2: Ball
1-2: Foul Ball, location: 2F
1-2: Strikes out swinging
Batting: LHB Chris Miller 0-0: Foul Ball, location: 2F
0-1: Called Strike
0-2: Ball
1-2: Strikes out looking
Top of the 7th over - 0 run(s), 0 hit(s), 0 error(s), 1 left on base; Birmingham 2 - Maui 3
BOTTOM OF THE 7TH
Maui Tropics batting - Pitching for Birmingham Steeldogs : RHP Pete Cook
Batting: RHB Jung-ha Kim 0-0: SINGLE (Line Drive, 6MD)
Batting: LHB Juan Jose Rojas 0-0: Swinging Strike
Jung-ha Kim steals 2nd base
0-1: Ball
1-1: Ball
2-1: Ball
3-1: Sac Bunt - play at first, batter OUT! 1-4
Jung-ha Kim to third
Batting: RHB Jesús Espinoza 0-0: Ball
1-0: Swinging Strike
1-1: Swinging Strike
1-2: Ball
2-2: Strikes out swinging
Pitching: RHP Víctor Reyes
Batting: LHB Luis Antonio Torres 0-0: Ball
1-0: Swinging Strike
1-1: SINGLE (Line Drive, 4M)
Jung-ha Kim scores
Batting: LHB Henry Huffman 0-0: Fly out, F9 (Flyball, 89M)
Bottom of the 7th over - 1 run(s), 2 hit(s), 0 error(s), 1 left on base; Birmingham 2 - Maui 4
TOP OF THE 8TH
Birmingham Steeldogs batting - Pitching for Maui Tropics : RHP Tony Guerrero
Batting: LHB Arturo Molina 0-0: Called Strike
0-1: SINGLE (Line Drive, 78S)
Pitching: RHP Yong-taek Yi
Batting: RHB Eric Johnson 0-0: Called Strike
0-1: Ball
1-1: Foul Ball, location: 2F
1-2: Strikes out looking
Pitching: RHP Pat Stuckey
Batting: SHB Jesús Ramírez 0-0: Ball
1-0: Ball
Wild Pitch!
Arturo Molina to second
2-0: Ground out 4-3 (Groundball, 4)
Arturo Molina to third
Batting: RHB Valentín Borges 0-0: Called Strike
0-1: Ball
1-1: Called Strike
1-2: Ball
2-2: Foul Ball, location: 2F
2-2: 2-RUN HOME RUN (Flyball, 7D), Distance : 346 ft
Batting: RHB Raúl Soto 0-0: Ball
1-0: Fly out, F7 (Line Drive, 7S)
Top of the 8th over - 2 run(s), 2 hit(s), 0 error(s), 0 left on base; Birmingham 4 - Maui 4
BOTTOM OF THE 8TH
Maui Tropics batting - Pitching for Birmingham Steeldogs : RHP Víctor Reyes
Batting: RHB Damian Yates 0-0: Swinging Strike
0-1: Ball
1-1: Called Strike
1-2: Ball
2-2: Foul Ball, location: 2F
2-2: Ball
3-2: DOUBLE (Flyball, 8RXD)
Batting: RHB Armando Martínez 0-0: Ball
1-0: Ball
Wild Pitch!
Damian Yates to third
2-0: Called Strike
2-1: Ball
3-1: Foul Ball, location: 2F
3-2: Strikes out swinging
Batting: LHB Javier Espinoza 0-0: Foul Ball, location: 2F
0-1: Called Strike
0-2: Ball
1-2: Ball
2-2: Ball
3-2: Strikes out swinging
Pinch Hitting: RHB Phil White 0-0: Called Strike
0-1: Swinging Strike
0-2: Strikes out swinging
Bottom of the 8th over - 0 run(s), 1 hit(s), 0 error(s), 1 left on base; Birmingham 4 - Maui 4
TOP OF THE 9TH
Birmingham Steeldogs batting - Pitching for Maui Tropics : RHP Pat Stuckey
Pitching: RHP Junior Mateo
Now at 2B: Enrique Flores
Batting: SHB John Miller 0-0: Ball
1-0: Ball
2-0: Ball
3-0: Called Strike
3-1: Foul Ball, location: 2F
3-2: Foul Ball, location: 2F
3-2: Base on Balls
Pinch Runner at 1st Nick Webb:
Batting: LHB José Sánchez 0-0: Ball
1-0: Ball
2-0: Bunted foul
2-1: Ball
3-1: Sac Bunt - play at first, batter OUT! 1-4
Nick Webb to second
Batting: LHB Mitchell Oglethorpe 0-0: Ball
1-0: Called Strike
1-1: Ball
2-1: Foul Ball, location: 2F
2-2: Ball
3-2: Base on Balls
Batting: LHB Chris Miller 0-0: Ball
1-0: Called Strike
Nick Webb is caught stealing 3rd base
Mitchell Oglethorpe to second
1-1: Swinging Strike
1-2: Ground out 3-5 (Groundball, 3S)
Top of the 9th over - 0 run(s), 0 hit(s), 0 error(s), 1 left on base; Birmingham 4 - Maui 4
BOTTOM OF THE 9TH
Maui Tropics batting - Pitching for Birmingham Steeldogs : RHP Víctor Reyes
Pitching: LHP Juan Fuentes
Now at SS: Nick Webb
Batting: RHB Jung-ha Kim 0-0: Swinging Strike
0-1: Swinging Strike
0-2: Ball
1-2: Strikes out swinging
Pinch Hitting: RHB Ximena Campos 0-0: Called Strike
0-1: Called Strike
0-2: Ball
1-2: Ball
2-2: Strikes out swinging
Batting: RHB Jesús Espinoza 0-0: Called Strike
0-1: Foul Ball, location: 2F
0-2: Ball
1-2: DOUBLE (Flyball, 8LXD)
Batting: LHB Luis Antonio Torres 0-0: Called Strike
0-1: Fly out, F8 (Flyball, 8RXD)
Bottom of the 9th over - 0 run(s), 1 hit(s), 0 error(s), 1 left on base; Birmingham 4 - Maui 4
TOP OF THE 10TH
Birmingham Steeldogs batting - Pitching for Maui Tropics : RHP Junior Mateo
Now at C: Ximena Campos
Batting: LHB Arturo Molina 0-0: Ball
1-0: Swinging Strike
1-1: Ball
2-1: Foul Ball, location: 2F
2-2: Foul Ball, location: 2F
2-2: Ball
3-2: SINGLE (Line Drive, 4MD)
Batting: RHB Eric Johnson 0-0: Grounds into double play, 4-6-3 (Groundball, 4)
Batting: SHB Jesús Ramírez 0-0: Ball
1-0: Foul Ball, location: 2F
1-1: Called Strike
1-2: Ball
2-2: Foul Ball, location: 2F
2-2: Ball
3-2: Strikes out looking
Top of the 10th over - 0 run(s), 1 hit(s), 0 error(s), 0 left on base; Birmingham 4 - Maui 4
BOTTOM OF THE 10TH
Maui Tropics batting - Pitching for Birmingham Steeldogs : LHP Juan Fuentes
Batting: LHB Henry Huffman 0-0: Foul Ball, location: 2F
0-1: Ball
1-1: Ball
2-1: Ball
3-1: Swinging Strike
3-2: Foul Ball, location: 2F
3-2: Strikes out looking
Batting: RHB Damian Yates 0-0: Ball
1-0: Ball
2-0: Foul Ball, location: 2F
2-1: Ball
3-1: Called Strike
3-2: Foul Ball, location: 2F
3-2: Fly out, F9 (Flyball, 8RXD)
Batting: RHB Armando Martínez 0-0: Ball
1-0: Foul Ball, location: 2F
1-1: Ball
2-1: Foul Ball, location: 2F
2-2: Foul Ball, location: 2F
2-2: Fly out, F6 (Popup, 6MD)
Bottom of the 10th over - 0 run(s), 0 hit(s), 0 error(s), 0 left on base; Birmingham 4 - Maui 4
TOP OF THE 11TH
Birmingham Steeldogs batting - Pitching for Maui Tropics : RHP Junior Mateo
Pitching: LHP Robin Wilder
Batting: RHB Valentín Borges 0-0: Called Strike
0-1: Ball
1-1: Ball
2-1: SINGLE (Line Drive, 9LS)
Batting: RHB Raúl Soto 0-0: Foul Ball, location: 2F
0-1: Called Strike
0-2: Strikes out looking
Batting: RHB Nick Webb 0-0: Ball
1-0: Foul Ball, location: 2F
1-1: Foul Ball, location: 2F
1-2: Foul Ball, location: 2F
1-2: Ball
2-2: Ball
3-2: Foul Ball, location: 2F
3-2: Strikes out looking
Pitching: RHP José García
Batting: LHB José Sánchez 0-0: Foul Ball, location: 2F
0-1: Foul Ball, location: 2F
0-2: Ground out 4-3 (Groundball, 34)
Top of the 11th over - 0 run(s), 1 hit(s), 0 error(s), 1 left on base; Birmingham 4 - Maui 4
BOTTOM OF THE 11TH
Maui Tropics batting - Pitching for Birmingham Steeldogs : LHP Juan Fuentes
Pitching: RHP David Simpson
Batting: LHB Javier Espinoza 0-0: Foul Ball, location: 2F
0-1: Called Strike
0-2: Ball
1-2: Strikes out swinging
Batting: RHB Enrique Flores 0-0: SINGLE (Groundball, 56D)
Batting: RHB Jung-ha Kim 0-0: Ball
1-0: Grounds into double play, 6-4-3 (Groundball, 6)
Bottom of the 11th over - 0 run(s), 1 hit(s), 0 error(s), 0 left on base; Birmingham 4 - Maui 4
TOP OF THE 12TH
Birmingham Steeldogs batting - Pitching for Maui Tropics : RHP José García
Batting: LHB Mitchell Oglethorpe 0-0: Ball
1-0: Foul Ball, location: 2F
1-1: Ball
2-1: Ball
3-1: Foul Ball, location: 2F
3-2: Strikes out swinging
Batting: LHB Chris Miller 0-0: Ball
1-0: Ball
2-0: Ball
3-0: Called Strike
3-1: Base on Balls
Batting: LHB Arturo Molina 0-0: Called Strike
0-1: Ball
1-1: DOUBLE (Flyball, 8RXD)
Chris Miller to third
Batting: RHB Eric Johnson 0-0: Ball
1-0: Foul Ball, location: 2F
1-1: Foul Ball, location: 2F
1-2: Strikes out swinging
Batting: SHB Jesús Ramírez 0-0: Ball
1-0: Called Strike
1-1: Called Strike
1-2: Ball
2-2: Foul Ball, location: 2F
2-2: Ball
3-2: Base on Balls
Batting: RHB Valentín Borges 0-0: Ball
1-0: Fly out, F9 (Flyball, 9S)
Top of the 12th over - 0 run(s), 1 hit(s), 0 error(s), 3 left on base; Birmingham 4 - Maui 4
BOTTOM OF THE 12TH
Maui Tropics batting - Pitching for Birmingham Steeldogs : RHP David Simpson
Batting: RHB Ximena Campos 0-0: Ground out 3-1 (Groundball, 34)
Batting: RHB Jesús Espinoza 0-0: Called Strike
0-1: Foul Ball, location: 2F
0-2: Foul Ball, location: 2F
0-2: Foul Ball, location: 2F
0-2: Foul Ball, location: 2F
0-2: DOUBLE (Flyball, 8RXD)
Batting: LHB Luis Antonio Torres 0-0: Intentional Walk
Batting: LHB Henry Huffman 0-0: Ball
1-0: Ball
2-0: Ball
3-0: Grounds into double play, 4-6-3 (Groundball, 4)
Bottom of the 12th over - 0 run(s), 1 hit(s), 0 error(s), 1 left on base; Birmingham 4 - Maui 4
TOP OF THE 13TH
Birmingham Steeldogs batting - Pitching for Maui Tropics : RHP José García
Batting: RHB Raúl Soto 0-0: Called Strike
0-1: Ball
1-1: Ground out 6-3 (Groundball, 6)
Batting: RHB Nick Webb 0-0: Fly out, F3 (Popup, 3)
Batting: LHB José Sánchez 0-0: Called Strike
0-1: Ball
1-1: Ball
2-1: Ball
3-1: Base on Balls
Batting: LHB Mitchell Oglethorpe 0-0: Fly out, F7 (Flyball, 7LS)
Top of the 13th over - 0 run(s), 0 hit(s), 0 error(s), 1 left on base; Birmingham 4 - Maui 4
BOTTOM OF THE 13TH
Maui Tropics batting - Pitching for Birmingham Steeldogs : RHP David Simpson
Batting: RHB Damian Yates 0-0: Foul Ball, location: 2F
0-1: Ball
1-1: Fly out, F7 (Flyball, 78XD)
Batting: RHB Armando Martínez 0-0: Called Strike
0-1: Foul Ball, location: 2F
0-2: Ball
1-2: Ball
2-2: Ball
3-2: SINGLE (Groundball, 6MD)
Batting: LHB Javier Espinoza 0-0: Ball
1-0: DOUBLE (Line Drive, 7LS)
Armando Martínez to third
Batting: RHB Enrique Flores 0-0: Intentional Walk
Batting: RHB Jung-ha Kim 0-0: Called Strike
0-1: Ball
1-1: Called Strike
1-2: Ball
2-2: Ball
3-2: Strikes out swinging
Batting: RHB Ximena Campos 0-0: Ball
1-0: Ball
2-0: Called Strike
2-1: Foul Ball, location: 2F
2-2: Foul Ball, location: 2F
2-2: Foul Ball, location: 2F
2-2: Foul Ball, location: 2F
2-2: Strikes out swinging
Bottom of the 13th over - 0 run(s), 2 hit(s), 0 error(s), 3 left on base; Birmingham 4 - Maui 4
TOP OF THE 14TH
Birmingham Steeldogs batting - Pitching for Maui Tropics : RHP José García
Batting: LHB Chris Miller 0-0: Ground out 4-3 (Groundball, 4)
Batting: LHB Arturo Molina 0-0: Swinging Strike
0-1: Ball
1-1: Ball
2-1: Ball
3-1: Base on Balls
Batting: RHB Eric Johnson 0-0: Ball
1-0: Ball
2-0: Swinging Strike
2-1: Ball
3-1: Base on Balls
Arturo Molina to second
Batting: SHB Jesús Ramírez 0-0: Fielders Choice at 2nd, 1-4 (Groundball, 13)
Arturo Molina to third
Batting: RHB Valentín Borges 0-0: Ground out 6-3 (Groundball, 6S)
Top of the 14th over - 0 run(s), 0 hit(s), 0 error(s), 2 left on base; Birmingham 4 - Maui 4
BOTTOM OF THE 14TH
Maui Tropics batting - Pitching for Birmingham Steeldogs : RHP David Simpson
Batting: RHB Jesús Espinoza 0-0: Foul Ball, location: 2F
0-1: Foul Ball, location: 2F
0-2: Ball
1-2: Strikes out swinging
Batting: LHB Luis Antonio Torres 0-0: Foul Ball, location: 2F
0-1: Ball
1-1: Ball
2-1: Called Strike
2-2: Foul Ball, location: 2F
2-2: Ball
3-2: Strikes out swinging
Pitching: RHP Jesús Morán
Batting: LHB Henry Huffman 0-0: Foul Ball, location: 2F
0-1: SINGLE (Groundball, 5D)
Batting: RHB Damian Yates 0-0: Ball
1-0: Ball
2-0: Ground out 2-3 (Groundball, 23)
Bottom of the 14th over - 0 run(s), 1 hit(s), 0 error(s), 1 left on base; Birmingham 4 - Maui 4
TOP OF THE 15TH
Birmingham Steeldogs batting - Pitching for Maui Tropics : RHP José García
Batting: RHB Raúl Soto 0-0: Ground out 5-3 (Groundball, 5)
Batting: RHB Nick Webb 0-0: Called Strike
0-1: Reached on error, E5 (Groundball, 5L)
Batting: LHB José Sánchez 0-0: Ball
1-0: Foul Ball, location: 2F
1-1: Called Strike
1-2: Foul Ball, location: 2F
1-2: Ground out 6-3 (Groundball, 4M)
Nick Webb to third
Batting: LHB Mitchell Oglethorpe 0-0: Ball
1-0: Ball
2-0: Ball
3-0: Base on Balls
Batting: LHB Chris Miller 0-0: Foul Ball, location: 2F
0-1: Ball
1-1: Foul Ball, location: 2F
1-2: 3-RUN HOME RUN (Flyball, 9LD), Distance : 361 ft
Batting: LHB Arturo Molina 0-0: Ball
1-0: Ball
2-0: Called Strike
2-1: SINGLE (Line Drive, 7S)
Batting: RHB Eric Johnson 0-0: Foul Ball, location: 2F
0-1: 2-RUN HOME RUN (Flyball, 7D), Distance : 352 ft
Pitching: RHP Hokusai Nakashima
Batting: SHB Jesús Ramírez 0-0: Fly out, F9 (Flyball, 89D)
Top of the 15th over - 5 run(s), 3 hit(s), 1 error(s), 0 left on base; Birmingham 9 - Maui 4
BOTTOM OF THE 15TH
Maui Tropics batting - Pitching for Birmingham Steeldogs : RHP Jesús Morán
Batting: RHB Armando Martínez 0-0: Called Strike
0-1: Ball
1-1: Ball
2-1: Foul Ball, location: 2F
2-2: Foul Ball, location: 2F
2-2: Ground out 4-3 (Groundball, 4S)
Batting: LHB Javier Espinoza 0-0: Called Strike
0-1: Called Strike
0-2: Ball
1-2: Ball
2-2: SINGLE (Groundball, 56D) (infield hit)
Batting: RHB Enrique Flores 0-0: Called Strike
0-1: Called Strike
0-2: Foul Ball, location: 2F
0-2: Strikes out looking
Batting: RHB Jung-ha Kim 0-0: Ball
1-0: Ball
2-0: Swinging Strike
2-1: Foul Ball, location: 2F
2-2: Ground out 4-3 (Groundball, 34)
Bottom of the 15th over - 0 run(s), 1 hit(s), 0 error(s), 1 left on base; Birmingham 9 - Maui 4
This league is powered by Out of the Park Baseball, the baseball management simulation game for PC, Mac and Linux
Saturday, April 9th, 2016 - OOTP Baseball 16.8 Build 38